NYP
HUDSON VALLEY RENEGADES @ LOWELL SPINNERS
08/03/2047
 
TOP OF THE 1ST
Hudson Valley Renegades batting - Pitching for Lowell Spinners : RHP Dan Jenkins
Pitching: RHP Dan Jenkins
Batting: LHB Jonathan Spino 0-0: Ball
1-0: Ball
2-0: Called Strike
2-1: Foul Ball, location: 2F
2-2: Ball
3-2: Base on Balls
Batting: SHB Josif Popovski 0-0: Called Strike
0-1: Called Strike
0-2: Ball
1-2: Foul Ball, location: 2F
1-2: Strikes out swinging
Batting: LHB Eric Toney 0-0: Ball
Jonathan Spino steals 2nd base
1-0: Foul Ball, location: 2F
1-1: Foul Ball, location: 2F
1-2: Ball
2-2: Foul Ball, location: 2F
2-2: Ball
3-2: 2-RUN HOME RUN (Flyball, 89XD, EV 116.9 MPH), Distance : 466 ft
Batting: LHB Rocky Crowley 0-0: Ball
1-0: Swinging Strike
1-1: Ball
2-1: Ball
3-1: Called Strike
3-2: Foul Ball, location: 2F
3-2: Fly out, F8 (Flyball, 89D, EV 86.9 MPH)
Batting: LHB Helmut Steggall 0-0: Ball
1-0: Ball
2-0: Called Strike
2-1: Swinging Strike
2-2: Strikes out swinging
Top of the 1st over - 2 runs, 1 hit, 0 errors, 0 left on base; Hudson Valley 2 - Lowell 0
BOTTOM OF THE 1ST
Lowell Spinners batting - Pitching for Hudson Valley Renegades : LHP Julian Roe
Pitching: LHP Julian Roe
Batting: RHB Jim Hubbard 0-0: Ball
1-0: Ball
2-0: Foul Ball, location: 2F
2-1: SINGLE (Flyball, 89S, EV 94.4 MPH)
Batting: RHB Ted Emmerich 0-0: Ball
1-0: Ball
2-0: Foul Ball, location: 2F
2-1: Swinging Strike
2-2: Strikes out swinging
Batting: RHB Dave Burwell 0-0: DOUBLE (Groundball, 5L, EV 106.2 MPH)
Jim Hubbard to third
Batting: RHB Alex Cardenas 0-0: Ball
1-0: Called Strike
1-1: Foul Ball, location: 2F
1-2: Ball
2-2: Ball
3-2: Strikes out swinging
Batting: RHB Bobby Schimke 0-0: Ball
1-0: Called Strike
1-1: Foul Ball, location: 2F
1-2: Ball
2-2: DOUBLE (Flyball, 78XD, EV 103.8 MPH)
Jim Hubbard scores
Dave Burwell scores
Batting: RHB Tony Nunez 0-0: Ball
1-0: Called Strike
1-1: Ball
2-1: Foul Ball, location: 2F
2-2: Strikes out swinging, 2-3 out at first.
Bottom of the 1st over - 2 runs, 3 hits, 0 errors, 1 left on base; Hudson Valley 2 - Lowell 2
TOP OF THE 2ND
Hudson Valley Renegades batting - Pitching for Lowell Spinners : RHP Dan Jenkins
Batting: RHB Dave Galloway 0-0: Ball
1-0: Called Strike
1-1: Ball
2-1: Ball
3-1: Reached on error, E6 (Groundball, 6D, EV 95.0 MPH)
Batting: LHB Alex Genao 0-0: Swinging Strike
0-1: Called Strike
0-2: Foul Ball, location: 2F
0-2: SINGLE (Groundball, 6D, EV 110.0 MPH)
Dave Galloway to third
Batting: LHB Jeremy Burton 0-0: Fielders Choice at 2nd, 4-6 (Groundball, 34, EV 88.8 MPH)
Dave Galloway scores
Batting: RHB Evan Chalarian 0-0: Called Strike
Jeremy Burton steals 2nd base
0-1: Fly out, F9 (Flyball, 89M, EV 96.2 MPH)
Batting: LHB Jonathan Spino 0-0: Called Strike
0-1: Swinging Strike
0-2: Ground out 4-3 (Groundball, 4, EV 106.2 MPH)
Top of the 2nd over - 1 run, 1 hit, 1 error, 1 left on base; Hudson Valley 3 - Lowell 2
BOTTOM OF THE 2ND
Lowell Spinners batting - Pitching for Hudson Valley Renegades : LHP Julian Roe
Batting: SHB Salvador Padilla 0-0: Called Strike
0-1: Foul Ball, location: 2F
0-2: Foul Ball, location: 2F
0-2: Strikes out swinging
Batting: RHB Mike Strey 0-0: Ball
1-0: Called Strike
1-1: Foul Ball, location: 2F
1-2: Ball
2-2: Ball
3-2: SINGLE (Groundball, 56D, EV 98.1 MPH)
Batting: RHB John Doucette 0-0: Called Strike
0-1: Ball
1-1: Fly out, F4 (Line Drive, 4, EV 71.2 MPH)
Batting: RHB Jim Hubbard 0-0: Ball
1-0: Called Strike
1-1: SINGLE (Groundball, 4MD, EV 94.4 MPH)
Mike Strey to second
Batting: RHB Ted Emmerich 0-0: Called Strike
0-1: Ball
Passed Ball!
Mike Strey to third
Jim Hubbard to second
1-1: Ball
2-1: Foul Ball, location: 2F
2-2: Ball
3-2: Foul Ball, location: 2F
3-2: Ground out 4-3 (Groundball, 4, EV 104.4 MPH)
Bottom of the 2nd over - 0 runs, 2 hits, 0 errors, 2 left on base; Hudson Valley 3 - Lowell 2
TOP OF THE 3RD
Hudson Valley Renegades batting - Pitching for Lowell Spinners : RHP Dan Jenkins
Batting: SHB Josif Popovski 0-0: Called Strike
0-1: SINGLE (Line Drive, 9S, EV 93.8 MPH)
Batting: LHB Eric Toney 0-0: Ball
Josif Popovski steals 2nd base
1-0: Called Strike
1-1: Swinging Strike
1-2: Ball
Wild Pitch!
Josif Popovski to third
2-2: Ball
3-2: Fly out, F6 (Popup, 56, EV 80.0 MPH)
Batting: LHB Rocky Crowley 0-0: Ball
1-0: Called Strike
1-1: Called Strike
1-2: SINGLE (Groundball, 4MD, EV 98.8 MPH)
Josif Popovski scores
Batting: LHB Helmut Steggall 0-0: Called Strike
0-1: Ball
1-1: Fly out, F8 (Flyball, 8LS, EV 83.1 MPH)
Batting: RHB Dave Galloway 0-0: Called Strike
Rocky Crowley is caught stealing 2nd base 2-4
Top of the 3rd over - 1 run, 2 hits, 0 errors, 0 left on base; Hudson Valley 4 - Lowell 2
BOTTOM OF THE 3RD
Lowell Spinners batting - Pitching for Hudson Valley Renegades : LHP Julian Roe
Batting: RHB Dave Burwell 0-0: Called Strike
0-1: Ball
1-1: Swinging Strike
1-2: Foul Ball, location: 2F
1-2: Ground out 6-3 (Groundball, P, EV 85.6 MPH)
Batting: RHB Alex Cardenas 0-0: Called Strike
0-1: Ball
1-1: Foul Ball, location: 2F
1-2: Ball
2-2: Ball
3-2: Strikes out looking
Batting: RHB Bobby Schimke 0-0: Ball
1-0: Hit by Pitch
Batting: RHB Tony Nunez 0-0: Ball
1-0: Ball
2-0: Foul Ball, location: 2F
2-1: Swinging Strike
2-2: Foul Ball, location: 2F
2-2: Ground out 6-3 (Groundball, 6MD, EV 108.1 MPH)
Bottom of the 3rd over - 0 runs, 0 hits, 0 errors, 1 left on base; Hudson Valley 4 - Lowell 2
TOP OF THE 4TH
Hudson Valley Renegades batting - Pitching for Lowell Spinners : RHP Dan Jenkins
Batting: RHB Dave Galloway 0-0: Called Strike
0-1: Called Strike
0-2: SINGLE (Groundball, 6D, EV 104.4 MPH)
Batting: LHB Alex Genao 0-0: Ball
1-0: Fly out, F6 (Popup, 6, EV 55.0 MPH)
Batting: LHB Jeremy Burton 0-0: Grounds into double play, 6-4-3 (Groundball, 6, EV 109.4 MPH)
Top of the 4th over - 0 runs, 1 hit, 0 errors, 0 left on base; Hudson Valley 4 - Lowell 2
BOTTOM OF THE 4TH
Lowell Spinners batting - Pitching for Hudson Valley Renegades : LHP Julian Roe
Batting: SHB Salvador Padilla 0-0: Ball
1-0: Ball
2-0: Swinging Strike
2-1: Swinging Strike
2-2: Ball
3-2: Foul Ball, location: 2F
3-2: Ground out 5-3 (Groundball, 56S, EV 76.2 MPH)
Batting: RHB Mike Strey 0-0: Ground out 4-3 (Groundball, 4, EV 90.0 MPH)
Batting: RHB John Doucette 0-0: Swinging Strike
0-1: Called Strike
0-2: Ball
1-2: Ground out 5-3 (Groundball, 56, EV 103.8 MPH)
Bottom of the 4th over - 0 runs, 0 hits, 0 errors, 0 left on base; Hudson Valley 4 - Lowell 2
TOP OF THE 5TH
Hudson Valley Renegades batting - Pitching for Lowell Spinners : RHP Dan Jenkins
Batting: RHB Evan Chalarian 0-0: Ball
1-0: Ball
2-0: Called Strike
2-1: Ball
3-1: Base on Balls
Batting: LHB Jonathan Spino 0-0: Swinging Strike
0-1: Called Strike
0-2: Ball
1-2: Strikes out swinging
Batting: SHB Josif Popovski 0-0: Called Strike
0-1: Ball
Evan Chalarian is caught stealing 2nd base 2-6
1-1: Ball
2-1: Foul Ball, location: 2F
2-2: Foul Ball, location: 2F
2-2: Strikes out looking
Top of the 5th over - 0 runs, 0 hits, 0 errors, 0 left on base; Hudson Valley 4 - Lowell 2
BOTTOM OF THE 5TH
Lowell Spinners batting - Pitching for Hudson Valley Renegades : LHP Julian Roe
Batting: RHB Jim Hubbard 0-0: Ball
1-0: Ball
2-0: Swinging Strike
2-1: Swinging Strike
2-2: Ball
3-2: Foul Ball, location: 2F
3-2: Base on Balls
Pitching: RHP Juan Estrella
Batting: RHB Ted Emmerich 0-0: Ball
1-0: Called Strike
1-1: Ball
2-1: Ball
3-1: Foul Ball, location: 2F
3-2: Foul Ball, location: 2F
3-2: SINGLE (Groundball, 56D, EV 100.0 MPH)
Jim Hubbard to second
Batting: RHB Dave Burwell 0-0: Ball
1-0: Ball
2-0: Fielders Choice at 2nd, 6-4 (Groundball, 6, EV 101.9 MPH)
Jim Hubbard to third
Batting: RHB Alex Cardenas 0-0: Called Strike
0-1: Ball
1-1: Called Strike
1-2: Ball
2-2: DOUBLE (Flyball, 8LXD, EV 105.0 MPH)
Jim Hubbard scores
Dave Burwell to third
Batting: RHB Bobby Schimke 0-0: Ball
1-0: Called Strike
1-1: Called Strike
1-2: Foul Ball, location: 2F
1-2: Fly out, F8 (Flyball, 8RM, EV 96.9 MPH)
Runner from 3rd tags up, OUT at HOME! 8-2
Bottom of the 5th over - 1 run, 2 hits, 0 errors, 1 left on base; Hudson Valley 4 - Lowell 3
TOP OF THE 6TH
Hudson Valley Renegades batting - Pitching for Lowell Spinners : RHP Dan Jenkins
Batting: LHB Eric Toney 0-0: Ball
1-0: Ball
2-0: Ball
3-0: Called Strike
3-1: Foul Ball, location: 2F
3-2: Base on Balls
Batting: LHB Rocky Crowley 0-0: Ball
1-0: Ball
2-0: Foul Ball, location: 2F
2-1: DOUBLE (Groundball, 5L, EV 107.5 MPH)
Eric Toney to third
Pitching: LHP Ken Berger
Batting: LHB Helmut Steggall 0-0: Called Strike
0-1: Ball
1-1: Ball
2-1: Foul Ball, location: 2F
2-2: Ground out 6-3 (Groundball, 56, EV 104.4 MPH)
Batting: RHB Dave Galloway 0-0: Foul Ball, location: 2F
0-1: Ground out 1-3 (Groundball, P, EV 65.0 MPH)
Batting: LHB Alex Genao 0-0: Foul Ball, location: 2F
0-1: Ball
1-1: Swinging Strike
1-2: Strikes out swinging
Top of the 6th over - 0 runs, 1 hit, 0 errors, 2 left on base; Hudson Valley 4 - Lowell 3
BOTTOM OF THE 6TH
Lowell Spinners batting - Pitching for Hudson Valley Renegades : RHP Juan Estrella
Batting: RHB Tony Nunez 0-0: Called Strike
0-1: Ball
1-1: Ground out 5-3 (Groundball, 5, EV 82.5 MPH)
Batting: SHB Salvador Padilla 0-0: Ball
1-0: Ball
2-0: SINGLE (Flyball, 6D, EV 85.0 MPH)
Batting: RHB Mike Strey 0-0: Ball
1-0: Ball
2-0: Foul Ball, location: 2F
2-1: Foul Ball, location: 2F
2-2: Ball
3-2: SINGLE (Groundball, 3D, EV 95.0 MPH)
Salvador Padilla to second
Runner from 2nd tries for 3rd, SAFE, throw by RF made to third
Batting: RHB John Doucette 0-0: Called Strike
0-1: Ball
1-1: Ball
2-1: Ball
3-1: Foul Ball, location: 2F
3-2: Grounds into double play, 4-6-3 (Groundball, 34, EV 89.4 MPH)
Bottom of the 6th over - 0 runs, 2 hits, 0 errors, 1 left on base; Hudson Valley 4 - Lowell 3
TOP OF THE 7TH
Hudson Valley Renegades batting - Pitching for Lowell Spinners : LHP Ken Berger
Batting: LHB Jeremy Burton 0-0: Foul Ball, location: 2F
0-1: Ball
1-1: Foul Ball, location: 2F
1-2: Ground out 6-3 (Groundball, 6, EV 76.2 MPH)
Batting: RHB Evan Chalarian 0-0: Ball
1-0: Foul Ball, location: 2F
1-1: Foul Ball, location: 2F
1-2: Ground out 5-3 (Groundball, 56, EV 85.6 MPH)
Batting: LHB Jonathan Spino 0-0: Ball
1-0: SINGLE (Groundball, 4MD, EV 108.8 MPH)
Batting: SHB Josif Popovski 0-0: Ball
Wild Pitch!
Jonathan Spino to second
1-0: Called Strike
1-1: Ball
2-1: Swinging Strike
2-2: SINGLE (Groundball, 6, EV 103.1 MPH)
Jonathan Spino to third
Runner from 3rd tries for Home, SAFE, throw by CF to home
Batting: LHB Eric Toney 0-0: Ball
1-0: Fly out, F7 (Line Drive, 78S, EV 110.6 MPH)
Top of the 7th over - 1 run, 2 hits, 0 errors, 1 left on base; Hudson Valley 5 - Lowell 3
BOTTOM OF THE 7TH
Lowell Spinners batting - Pitching for Hudson Valley Renegades : RHP Juan Estrella
Batting: RHB Jim Hubbard 0-0: Ground out U3 (Groundball, 34S, EV 81.2 MPH)
Batting: RHB Ted Emmerich 0-0: Hit by Pitch
Batting: RHB Dave Burwell Pickoff Throw to First - Out! 1-3
0-0: Ball
1-0: Swinging Strike
1-1: Swinging Strike
1-2: Strikes out swinging
Bottom of the 7th over - 0 runs, 0 hits, 0 errors, 0 left on base; Hudson Valley 5 - Lowell 3
TOP OF THE 8TH
Hudson Valley Renegades batting - Pitching for Lowell Spinners : LHP Ken Berger
Batting: LHB Rocky Crowley 0-0: Ball
1-0: Called Strike
1-1: Ball
2-1: Foul Ball, location: 2F
2-2: Foul Ball, location: 2F
2-2: Ground out 4-3 (Groundball, 4M, EV 103.1 MPH)
Batting: LHB Helmut Steggall 0-0: Foul Ball, location: 2F
0-1: Ball
1-1: Ball
2-1: Ball
3-1: Ground out 4-3 (Groundball, 4, EV 83.1 MPH)
Batting: RHB Dave Galloway 0-0: Foul Ball, location: 2F
0-1: SINGLE (Line Drive, 9S, EV 109.4 MPH)
Batting: LHB Alex Genao 0-0: Called Strike
0-1: Foul Ball, location: 2F
0-2: Strikes out swinging
Top of the 8th over - 0 runs, 1 hit, 0 errors, 1 left on base; Hudson Valley 5 - Lowell 3
BOTTOM OF THE 8TH
Lowell Spinners batting - Pitching for Hudson Valley Renegades : RHP Juan Estrella
Pitching: RHP Josh O'Neal
Batting: RHB Alex Cardenas 0-0: Called Strike
0-1: Fly out, F8 (Line Drive, 8RM, EV 95.6 MPH)
Batting: RHB Bobby Schimke 0-0: Called Strike
0-1: Ground out 5-3 (Groundball, 56, EV 83.8 MPH)
Batting: RHB Tony Nunez 0-0: Ground out 5-3 (Groundball, 5, EV 87.5 MPH)
Bottom of the 8th over - 0 runs, 0 hits, 0 errors, 0 left on base; Hudson Valley 5 - Lowell 3
TOP OF THE 9TH
Hudson Valley Renegades batting - Pitching for Lowell Spinners : LHP Ken Berger
Pitching: LHP Rob Hymowitz
Batting: LHB Jeremy Burton 0-0: Fly out, F7 (Flyball, 7S, EV 96.2 MPH)
Batting: RHB Evan Chalarian 0-0: Ball
1-0: Ground out 6-3 (Groundball, 6S, EV 72.5 MPH)
Batting: LHB Jonathan Spino 0-0: Called Strike
0-1: Ball
1-1: Foul Ball, location: 2F
1-2: Strikes out looking
Top of the 9th over - 0 runs, 0 hits, 0 errors, 0 left on base; Hudson Valley 5 - Lowell 3
BOTTOM OF THE 9TH
Lowell Spinners batting - Pitching for Hudson Valley Renegades : RHP Josh O'Neal
Pitching: RHP Tim Inman
Now in RF: Chris Lockart
Batting: SHB Salvador Padilla 0-0: Foul Ball, location: 2F
0-1: Ball
1-1: Ball
2-1: Swinging Strike
2-2: Ground out 6-3 (Groundball, 6, EV 80.6 MPH)
Batting: RHB Mike Strey 0-0: Ball
1-0: Ground out 4-3 (Groundball, 4, EV 90.6 MPH)
Batting: RHB John Doucette 0-0: Ball
1-0: Ball
2-0: Swinging Strike
2-1: Ground out 6-3 (Groundball, 6D, EV 108.8 MPH)
Bottom of the 9th over - 0 runs, 0 hits, 0 errors, 0 left on base; Hudson Valley 5 - Lowell 3
Thursday, December 15th , 2022 - OOTP Baseball 23.9 Build 102